 Dungeon Crawl Stone Soup version 0.29.0-4-gdea44cf6ec (webtiles) character file.

Game seed: 16432383872290273985

96 qw the Chopper (level 4, -10/26 HPs)
             Began as a Tengu Warper on Aug 28, 2022.
             Mangled by an ogre
             ... wielding a +0 giant club
              (14 damage)
             ... on level 4 of the Dungeon.
             The game lasted 00:00:14 (3225 turns).

qw the Chopper (Tengu Warper)                       Turns: 3225, Time: 00:00:14

Health: -10/26     AC: 10    Str: 14    XL:     4   Next: 67%
Magic:  0/8        EV:  4    Int: 13    God:
Gold:   279        SH:  0    Dex: 13    Spells: 7/7 levels left

rFire   . . .      SeeInvis .   Y - +0 hand axe (freeze)
rCold   . . .      Faith    .   (no shield)
rNeg    . . .      Spirit   +   l - +0 plate armour
rPois   .          Reflect  .   (helmet restricted)
rElec   .          Harm     .   (no cloak)
rCorr   .          Rampage  .   (no gloves)
Will    .....                   (boots unavailable)
Stlth   ..........              b - amulet of guardian spirit
HPRegen 0.08/turn               (no ring)
MPRegen 0.11/turn               (no ring)

@: about to teleport
A: beak, talons 3
a: no special abilities


You were on level 4 of the Dungeon.
You visited 1 branch of the dungeon, and saw 4 of its levels.

You collected 279 gold pieces.


Innate Abilities, Weirdness & Mutations

You have a beak for a mouth.
You have claws for feet.


   Skills:
 - Level 2.0 Fighting
 + Level 4.9 Axes
 - Level 1.0 Throwing
 - Level 2.0 Armour
 - Level 2.1 Dodging
 - Level 2.0 Spellcasting
 - Level 2.4 Translocations


You had 7 spell levels left.
You didn't know any spells.
Your spell library contained the following spells:

 Spells                   Type           Power      Damage    Failure   Level
 Blink                    Tloc           14%        N/A       100%        2
 Gell's Gravitas          Tloc           7%         N/A       100%        3
 Lesser Beckoning         Tloc           7%         N/A       100%        3
 Teleport Other           Tloc           7%         N/A       100%        3
 Manifold Assault         Tloc           7%         N/A       100%        5

Inventory:

Hand Weapons
 n - a +0 flail
 Y - a +0 hand axe of freezing (weapon)
Missiles
 i - 2 boomerangs (quivered)
Armour
 l - a +0 plate armour (worn)
Jewellery
 b - an amulet of guardian spirit (around neck)
Scrolls
 a - a scroll of identify
Potions
 d - a potion of cancellation
 e - a potion of curing {unknown}
 f - 2 potions of heal wounds
 j - a potion of berserk rage {unknown}
 m - a potion of flight {unknown}

Dungeon Overview and Level Annotations

Branches:
Dungeon (4/15)
 Temple: D:4-7

Altars:


Message History

The quokka completely misses you. The quokka barely misses you.
You hit the quokka but do no damage. Your kick misses the quokka.
Your peck misses the quokka.
The quokka is almost dead.
The quokka bites you.
You hit the quokka. You freeze the quokka.
You kill the quokka!
You start resting.
Magic restored.
You start resting.
HP restored.
An ogre comes into view. It is wielding a +0 giant club.
Found a stone staircase leading up.
The ogre shouts!
Throw: 2 boomerangs
Press: ? - help, Q - select action Shift-Dir - straight line, f - ogre You throw a boomerang.
The boomerang hits the ogre but does no damage.
You barely miss the ogre. Your kick misses the ogre.
The ogre barely misses you.
You hit the ogre. You freeze the ogre.
The ogre is lightly wounded.
You hit the ogre. You freeze the ogre. You claw the ogre, but do no damage.
The ogre is moderately wounded.
The ogre hits you with a +0 giant club!
You hit the ogre but do no damage.
The ogre is moderately wounded.
The ogre barely misses you.
You barely miss the ogre. You claw the ogre, but do no damage.
The ogre is moderately wounded.
You hit the ogre. You freeze the ogre.
The ogre is severely wounded.
The ogre hits you with a +0 giant club!!
Ouch! That really hurt!
3225 ||| READING scroll of teleportation.
As you read the scroll of teleportation, it crumbles to dust.
You feel strangely unstable. The ogre hits you with a +0 giant club!
Ouch! That really hurt!
You die...

### .... .....
......#########
......O@......#
#####.#######.#
.. #....#.# #<#
#.##.#.# #
#.##.#.#
#......#
####.#######
#......<#
#########


You could see an ogre.

Vanquished Creatures
  Jessica (D:2)
  An adder (D:3)
  2 worms (D:2)
  A dart slug (D:3)
  An orc (D:3)
  4 endoplasms
  2 giant cockroaches
  2 goblins
  4 hobgoblins
  5 kobolds
  6 quokkas
  5 ball pythons
  5 bats
  3 frilled lizards
  5 rats
47 creatures vanquished.

Vanquished Creatures (others)
  A plant (D:1)
1 creature vanquished.

Grand Total: 48 creatures vanquished

Notes
Turn   | Place    | Note
-------+----------+-------------------------------------------
     0 | D:1      | qw the Tengu Warper began the quest for the Orb.
     0 | D:1      | Reached XP level 1. HP: 12/12 MP: 4/4
     0 | D:1      | 0 ||| qw: Version: 0.1-a-89-g26bdef1
     0 | D:1      | 0 ||| qw: Game counter: 2447
     0 | D:1      | 0 ||| qw: Always use a shield: true
     0 | D:1      | 0 ||| qw: God list: Okawaru
     0 | D:1      | 0 ||| qw: Allow faded altars: false
     0 | D:1      | 0 ||| qw: Do Orc after D:15 true
     0 | D:1      | 0 ||| qw: Do second Lair branch before Depths: true
     0 | D:1      | 0 ||| qw: Lair rune preference: random
     0 | D:1      | 0 ||| qw: Plans: Normal
     0 | D:1      | 0 ||| PLANNING D:1-11
   259 | D:1      | 259 ||| Stepping ~*~*~tactically~*~*~ (stealth).
   260 | D:1      | 260 ||| Stepping ~*~*~tactically~*~*~ (stealth).
   401 | D:1      | Reached XP level 2. HP: 17/17 MP: 6/6
   437 | D:1      | Reached skill level 3 in Axes
   921 | D:1      | Found a faded altar of an unknown god.
   932 | D:1      | 932 ||| UPGRADING to +0 plate armour.
   942 | D:1      | 942 ||| DROPPING +0 leather armour.
   943 | D:1      | 943 ||| READING scroll labelled YSMEYS TEOBLA.
   947 | D:1      | 947 ||| READING scroll labelled YSCHUU HEAMO.
   948 | D:1      | 948 ||| READING scroll labelled TUWOICV KADAME.
   949 | D:1      | 949 ||| READING scroll labelled KEP SEJ RUXTIH.
   950 | D:1      | 950 ||| READING scroll labelled ENEOPS MUTU.
   951 | D:1      | 951 ||| DRINKING 3 sapphire potions.
   952 | D:1      | 952 ||| DROPPING scroll of blinking.
  1118 | D:2      | 1118 ||| FLEEEEING.
  1119 | D:2      | 1119 ||| FLEEEEING.
  1120 | D:2      | 1120 ||| FLEEEEING.
  1124 | D:2      | 1124 ||| FLEEEEING.
  1125 | D:2      | 1125 ||| FLEEEEING.
  1284 | D:2      | Reached XP level 3. HP: 21/21 MP: 7/7
  1488 | D:2      | Noticed Jessica
  1489 | D:2      | 1489 ||| Stepping ~*~*~tactically~*~*~ (hiding).
  1494 | D:2      | Killed Jessica
  1495 | D:2      | Reached skill level 4 in Axes
  1629 | D:2      | 1629 ||| DROPPING +0 club.
  1735 | D:2      | Reached XP level 4. HP: 26/26 MP: 8/8
  1877 | D:2      | 1877 ||| Stepping ~*~*~tactically~*~*~ (stealth).
  2034 | D:2      | 2034 ||| UPGRADING to amulet of guardian spirit.
  2039 | D:2      | 2039 ||| READING 2 scrolls labelled JOLADD RAESING.
  2231 | D:3      | 2231 ||| Stepping ~*~*~tactically~*~*~ (hiding).
  2967 | D:3      | 2967 ||| DROPPING +7 club.
  3014 | D:3      | 3014 ||| READING scroll labelled KUBROCL PEXZUE.
  3120 | D:3      | 3120 ||| READING 2 scrolls of identify.
  3120 | D:3      | 3120 ||| IDENTIFYING dark potion
  3216 | D:4      | Noticed an ogre
  3224 | D:4      | HP: 4/26 [ogre/+0 giant club (17)]
  3225 | D:4      | 3225 ||| READING scroll of teleportation.
  3225 | D:4      | Mangled by an ogre

Levels and vault maps discovered:
D:1:      dpeg_arrival_arbitrary_b, layout_loops_ring,
          chequers_ecumenical_altar_lobes
D:2:      layout_loops_ring, uniq_jessica
D:3:      layout_basic, mrwooster_statue_mirror
D:4:      minmay_angry_zag, layout_basic, st_stairs_2, wad_rectangle_vault,
          uniq_robin

Skill      XL: |  1  2  3  4 |
---------------+-------------+-----
Axes           | 3 4 |  4.9
Armour         | 2 |  2.0
Fighting       | |  2.0
Throwing       | |  1.0
Dodging        | |  2.1
Spellcasting   | |  2.0
Translocations | |  2.4

Action                   |  1- 3 |  4- 6 || total
-------------------------+-------+-------++-------
Melee: Hand axe          |    78 |    49 ||   127
       Kick              |    13 |    14 ||    27
       Peck              |     8 |     5 ||    13
Throw: Boomerang         |     7 |     1 ||     8
       Javelin           |       |     7 ||     7
  Use: Scroll            |     5 |     4 ||     9
       Potion            |     1 |       ||     1
Armor: Leather armour    |    13 |       ||    13
       Plate armour      |    25 |    26 ||    51
Dodge: Dodged            |    36 |     8 ||    44

Table legend:
 A = Non-vault XP
 B = Vault XP
 C = Vault XP percentage of total XP
 D = Non-vault monster count
 E = Vault monster count
 F = Vault count percentage of total count
                 A         B        C        D         E       F
            +---------+---------+-------+---------+---------+-------
      Total |     101 |      37 |  26.8 |      46 |       1 |   2.1
            +---------+---------+-------+---------+---------+-------
        D:1 |      21 |       0 |   0.0 |      14 |       0 |   0.0
        D:2 |      46 |      37 |  44.6 |      22 |       1 |   4.3
        D:3 |      32 |       0 |   0.0 |       9 |       0 |   0.0
        D:4 |       2 |       0 |   0.0 |       1 |       0 |   0.0
            +---------+---------+-------+---------+---------+-------
